 Dungeon Crawl Stone Soup version 0.21.1-1-g345015f (webtiles) character file.

44 Figureslego113 the Magician (level 3, -6/24 HPs)
             Began as a Demonspawn Wizard on May 19, 2018.
             Mangled by a gnoll
             ... wielding a +0 flail
              (11 damage)
             ... on level 3 of the Dungeon.
             The game lasted 00:15:20 (1960 turns).

Figureslego113 the Magician (Demonspawn Wizard)     Turns: 1960, Time: 00:15:20

Health: -6/24      AC:  5    Str:  4    XL:     3   Next: 41%
Magic:  1/8        EV: 12    Int: 20    God:
Gold:   56         SH:  0    Dex: 11    Spells: 3/10 levels left

rFire    . . .     SeeInvis .   (no weapon)
rCold    . . .     Gourm    .   (no shield)
rNeg     . . .     Faith    .   a - +0 robe
rPois    .         Spirit   .   b - +0 hat
rElec    .         Reflect  .   (no cloak)
rCorr    .         Harm     .   e - +0 pair of gloves
MR       +....                  (no boots)
Stlth    ++........             (no amulet)
HPRegen  0.08/turn              h - -3 ring of strength (curse)
MPRegen  0.11/turn              k - ring of protection from magic

@: no status effects
A: yellow scales 1
a: no special abilities


You were on level 3 of the Dungeon.
You were not hungry.

You visited 1 branch of the dungeon, and saw 4 of its levels.

You collected 56 gold pieces.

Inventory:

Armour
 a - a +0 robe (worn)
 b - a +0 hat (worn)
 e - a +0 pair of gloves (worn)
Jewellery
 d - an uncursed ring of protection from magic
 h - a cursed -3 ring of strength (left hand)
 k - a ring of protection from magic (right hand)
Scrolls
 j - 2 scrolls of amnesia
Potions
 f - a potion of cancellation {unknown}
 i - a potion of invisibility {unknown}
Books
 c - a book of Minor Magic

   Spells                             Type                      Level
   a - Magic Dart                     Conjuration                  1
   b - Blink                          Translocation                2
   c - Call Imp                       Summoning                    2
   d - Slow                           Hexes                        2
   e - Conjure Flame                  Conjuration/Fire             3
   f - Mephitic Cloud                 Conjuration/Poison/Air       3
Comestibles
 g - 2 rations


   Skills:
 - Level 1.7 Dodging
 - Level 1.8 Stealth
 + Level 4.0 Spellcasting
 * Level 1.5 Conjurations
 + Level 1.3 Summonings
 - Level 0.9 Translocations


You had 3 spell levels left.
You knew the following spells:

 Your Spells              Type           Power        Failure   Level  Hunger
a - Magic Dart            Conj           ##..         7%          1    None
b - Call Imp              Summ           #.......     12%         2    #......
c - Blink                 Tloc           N/A          13%         2    #......
d - Slow                  Hex            #.......     19%         2    #......


Dungeon Overview and Level Annotations

Branches:
Dungeon (4/15)
 Temple: D:4-7

Altars:
Xom

Annotations:
D:4 Grinder


Innate Abilities, Weirdness & Mutations

You are partially covered in yellow scales. (AC +2)


Message History

The gnoll hits you with a flail!
* * * LOW HITPOINT WARNING * * *
Your white imp hits the gnoll but does no damage.
The gnoll hits your white imp with a halberd.
Your white imp completely misses the gnoll.
The giant cockroach bites you but does no damage.
The gnoll barely misses you.
The gnoll hits your white imp with a halberd!
Your white imp dies!
Your shadow imp completely misses the giant cockroach.
The giant cockroach barely misses you. The gnoll barely misses you.
Your shadow imp gestures at the giant cockroach.
The giant cockroach writhes in agony!
The giant cockroach dies!
The gnoll hits you.
* * * LOW HITPOINT WARNING * * *
The gnoll misses your shadow imp. The gnoll hits you with a flail!
You die...

#..## #....# ##.....
#### ....... ..#
#.....###.# #...#..@#
.... ...
#...gg.##.......... .#
#...5...#(........$
...##.......#..........
......)..g..5###......(
...#...........g.......
.. ####...........%...#
. #..............#
#..#.....>.....#


You could see 3 gnolls, a friendly crimson imp and a friendly shadow imp.

Vanquished Creatures
  2 leopard geckos
  2 bats (D:1)
  A giant cockroach (D:1)
  4 goblins (D:1)
  4 hobgoblins (D:1)
  2 ball pythons
  A frilled lizard (D:1)
  3 kobolds
  6 rats (D:1)
25 creatures vanquished.

Vanquished Creatures (collateral kills)
  An adder (D:2)
  A gnoll (D:1)
  A worm (D:2)
  A dart slug (D:1)
  A giant cockroach (D:3)
  A hobgoblin (D:2)
  A quokka (D:2)
  A frilled lizard (D:2)
8 creatures vanquished.

Grand Total: 33 creatures vanquished

Notes
Turn   | Place    | Note
-------+----------+-------------------------------------------
     0 | D:1      | Figureslego113 the Demonspawn Wizard began the quest for the Orb.
     0 | D:1      | Reached XP level 1. HP: 13/13 MP: 4/4
   583 | D:1      | Gained mutation: You are partially covered in yellow scales. (AC +2) [demonic ancestry]
   583 | D:1      | Reached XP level 2. HP: 19/19 MP: 1/6
   744 | D:1      | Learned a level 2 spell: Call Imp
   747 | D:1      | Learned a level 2 spell: Blink
   750 | D:1      | Learned a level 2 spell: Slow
  1297 | D:1      | Reached XP level 3. HP: 24/24 MP: 6/8
  1739 | D:2      | Found a shimmering altar of Xom.
  1757 | D:2      | Reached skill level 4 in Spellcasting
  1797 | D:2      | You fall through a shaft for 2 floors!
  1929 | D:4      | Noticed Grinder
  1960 | D:3      | Mangled by a gnoll

Skill      XL: |  1  2  3 |
---------------+----------+-----
Spellcasting   | 4 |  4.0
Dodging        | |  1.7
Stealth        | |  1.8
Conjurations   | |  1.5
Summonings     | |  1.3
Translocations | |  0.9

Action                   || total
-------------------------++-------
Melee: Unarmed           ||    26
 Cast: Magic Dart        ||    64
       Call Imp          ||    15
       Blink             ||     2
  Use: Scroll            ||     3
       Potion            ||     2
  Eat: Ration            ||     1
Armor: Robe              ||    14
Dodge: Dodged            ||    45
